 Dungeon Crawl Stone Soup version 0.31.0-9-g3a7656b989 (webtiles) character file.

Game seed: 1963449983151935543

2370 qw the Skirmisher (level 9, -5/47 (52) HPs)
             Began as a Deep Elf Hunter on Feb 2, 2024.
             Slain by an orc warrior
             ... wielding a +0 hand axe
              (7 damage)
             ... on level 6 of the Dungeon.
             The game lasted 00:00:34 (5484 turns).

qw the Skirmisher (Deep Elf Hunter)                 Turns: 5484, Time: 00:00:35

HP:   -5/47 (52)    AC: 10    Str: 12    XL:     9   Next: 21%
MP:   10/10         EV: 15    Int: 15    God:
Gold: 223           SH:  0    Dex: 24    Spells: 8/8 levels left

rFire   + + .        a - +0 shortbow (freeze)
rCold   + . .        (shield currently unavailable)
rNeg    . . .        b - +0 ring mail
rPois   .            n - +0 helmet
rElec   .            q - scarf {rC+ rF+}
rCorr   +            i - +1 pair of gloves
SInv    .            (no boots)
Will    .....        c - dreamdust necklace {Acrobat}
Stlth   ++           h - +6 ring of dexterity
HPRegen 0.27/turn    f - ring of resist corrosion
MPRegen 0.12/turn

%: acrobat
@: about to teleport, hasted, drained, very quick
A: iridescent scales 1, fire resistance 1, low MP 1
a: no special abilities


You were on level 6 of the Dungeon.
You visited 2 branches of the dungeon, and saw 7 of its levels.
You also visited: Ossuary.

You collected 265 gold pieces.
You spent 42 gold pieces at shops.


Innate Abilities, Weirdness & Mutations

You are partially covered in iridescent scales. (AC +2)
Your flesh is heat resistant. (rF+)
Your magical capacity is low. (-10% MP)


   Skills:
 - Level 4.1 Fighting
 - Level 14.0 Ranged Weapons
 - Level 1.4 Armour
 + Level 6.2 Dodging
 - Level 1.2 Stealth


You had 8 spell levels left.
You didn't know any spells.
Your spell library was empty.

Inventory:

Hand Weapons
 a - a +0 shortbow of freezing (weapon)
Armour
 b - a +0 ring mail (worn)
 d - a +2 cloak
 i - a +1 pair of gloves (worn)
 n - a +0 helmet (worn)
 q - a scarf of resistance (worn)
Jewellery
 c - the dreamdust necklace (around neck) {Acrobat}
   (You found it on level 4 of the Dungeon)

   [amulet of the acrobat]

   Acrobat:   It increases your evasion while moving and waiting.
 f - a ring of resist corrosion (right hand)
 g - an amulet of guardian spirit
 h - a +6 ring of dexterity (left hand)
Wands
 l - a wand of roots (16)
 u - a wand of polymorph (5)
Scrolls
 e - 2 scrolls of teleportation
Potions
 j - 2 potions of curing
 m - a potion of brilliance {unknown}
 o - a potion of resistance {unknown}
 p - a potion of mutation
 r - a potion of cancellation {unknown}

Dungeon Overview and Level Annotations

Branches:
Dungeon (6/15)             Temple (1/1) D:4         Ossuary (visited)

Altars:
Cheibriados
Dithmenos
Elyvilon
Fedhas
Gozag
Kikubaaqudgha
Makhleb
Nemelex Xobeh
Qazlal
Ru
Sif Muna
Trog
Uskayaw
Wu Jian
Xom
Yredelemnul
Zin
The Shining One

Shops:
D:2 !

Annotations:
D:3 1 runed translucent door, qw's ghost, weakling DEHu
D:6 Jeremiah


Message History

The arrow freezes the orc warrior.
You kill the orc warrior!
You hear a splash. x2
Your Fighting skill increases to level 4!
You shoot an arrow. The arrow hits the orc warrior.
The arrow freezes the orc warrior.
The orc warrior is lightly wounded.
Jeremiah throws their arms up pleadingly.
Something smites you!
The orc warrior hits you with a +0 hand axe.
5480 ||| READING 3 scrolls of teleportation.
As you read the scroll of teleportation, it crumbles to dust.
You feel strangely unstable.
The butterfly disappears in a burst of colours!
Jeremiah hits you from afar with a +4 trident of draining.
You feel drained.
The orc warrior hits you with a +0 hand axe.
You shoot an arrow.
The arrow hits the orc warrior but does no damage.
The orc warrior is lightly wounded.
The butterfly disappears in a burst of colours!
You shoot an arrow.
The arrow hits the orc warrior but does no damage.
The orc warrior is lightly wounded.
Jeremiah hits you from afar with a +4 trident of draining.
Your necklace shatters, unleashing a wave of protective dreams!
You dream of life, friendship, and clouds.
You feel drained. The gnoll hits you but does no damage.
The orc warrior closely misses you.
The orc warrior closely misses your white imp.
The orc warrior closely misses your hound.
You shoot an arrow.
The arrow barely misses the orc warrior.
You shoot an arrow.
The arrow hits the orc warrior but does no damage.
The orc warrior is lightly wounded.
Your hound splashes around in the water.
Jeremiah misses you. The gnoll misses you.
The orc warrior hits you with a +0 hand axe!
You die...

#. . #. .# #..
###..###############
............b...b...
~~....~~~~~~~~~~~~~~
~~....b~~~¤bbFbb~~~~


~~....~~bbhgbbbbbb# .........b5o@bzb..# ##''''############# .O. . You could see
Jeremiah, an orc warrior (ally target), a gnoll, a friendly hound (summoned), a
friendly wight (summoned) and a friendly white imp (summoned).

Vanquished Creatures
  Eustachio (D:4)
  A water moccasin (D:6)
  An orc warrior (D:6)
  An ice beast (D:6)
  4 ogres (D:6)
  A kobold brigand (D:5)
  A weeping skull (Ossuary)
  5 water moccasin zombies (Ossuary)
  8 wights (D:6)
  2 howler monkeys (D:6)
  2 bombardier beetles
  A crimson imp (D:5)
  3 hounds
  A spectral scorpion (Ossuary)
  3 jellies
  A sleepcap (D:6)
  3 iguanas
  An orc wizard (D:5)
  A bullfrog simulacrum (Ossuary)
  2 mummies (Ossuary)
  2 gnolls (D:6)
  3 adders
  2 ufetubi (D:6)
  5 adder zombies (Ossuary)
  4 ribbon worms
  6 dart slugs
  7 orcs
  7 ball pythons
  7 endoplasms
  A giant cockroach (D:4)
  8 gnoll zombies (Ossuary)
  8 goblins
  6 hobgoblins
  7 jackals (D:1)
  16 kobolds
  2 quokkas
  10 bats
  4 frilled lizards
  2 jackal zombies (Ossuary)
  2 orc zombies (Ossuary)
  5 rats
157 creatures vanquished.

Notes
Turn   | Place    | Note
-------+----------+-------------------------------------------
     0 | D:1      | qw the Deep Elf Hunter began the quest for the Orb.
     0 | D:1      | Reached XP level 1. HP: 12/12 MP: 3/3
     0 | D:1      | 0 ||| qw: Version: 0.3-a-155-g5e7d8dd
     0 | D:1      | 0 ||| qw: Game counter: 613
     0 | D:1      | 0 ||| qw: Melee chars always use a shield: true
     0 | D:1      | 0 ||| qw: God list: Okawaru
     0 | D:1      | 0 ||| qw: Allow faded altars: false
     0 | D:1      | 0 ||| qw: Do Orc after clearing Dungeon:15 true
     0 | D:1      | 0 ||| qw: Do second Lair branch before Depths: true
     0 | D:1      | 0 ||| qw: Lair rune preference: random
     0 | D:1      | 0 ||| qw: Goals: Normal
     0 | D:1      | 0 ||| PLANNING D:1-11
   130 | D:1      | Reached skill level 6 in Ranged Weapons
   130 | D:1      | Reached XP level 2. HP: 16/16 MP: 4/4
   525 | D:1      | Reached XP level 3. HP: 17/20 MP: 5/5
   922 | D:1      | 922 ||| UPGRADING to +2 cloak.
   927 | D:1      | 927 ||| UPGRADING to +6 ring of dexterity.
   928 | D:1      | 928 ||| READING scroll labelled YGIGHOGG PURU.
   928 | D:1      | 928 ||| IDENTIFYING bubbling golden potion
   929 | D:1      | 929 ||| READING scroll labelled QATREA BOFYJUL.
   930 | D:1      | 930 ||| READING scroll labelled KELAHO KYAHEUN.
   931 | D:1      | 931 ||| DROPPING scroll of butterflies.
   932 | D:1      | 932 ||| DROPPING potion of invisibility.
   934 | D:1      | 934 ||| Stepping ~*~*~tactically~*~*~ (cloud).
   940 | D:1      | HP: 5/20 [poisoned by you (poison gas)]
  1072 | D:2      | Found a faded altar of an unknown god.
  1095 | D:2      | Reached skill level 7 in Ranged Weapons
  1199 | D:2      | Found Voam's Distillery.
  1208 | D:2      | 1208 ||| BUYING potion of curing (42 gold).
  1208 | D:2      | Bought a potion of curing for 42 gold pieces
  1208 | D:2      | 1208 ||| SHOPLISTING potion of heal wounds (70 gold, have
                  | 17).
  1465 | D:2      | 1465 ||| UPGRADING to +0 pair of gloves.
  1470 | D:2      | 1470 ||| UPGRADING to ring of resist corrosion.
  1471 | D:2      | 1471 ||| READING scroll labelled ARAZ JAILIBB.
  1472 | D:2      | 1472 ||| READING scroll labelled GUONOI IPHEES.
  1517 | D:3      | Reached skill level 3 in Dodging
  1709 | D:3      | Found a runed translucent door.
  1710 | D:3      | Noticed qw's ghost (weakling DEHu)
  1784 | D:3      | Reached XP level 4. HP: 25/25 MP: 6/6
  2133 | D:3      | Found a snail-covered altar of Cheibriados.
  2270 | D:3      | 2270 ||| UPGRADING to +0 ring mail.
  2280 | D:3      | 2280 ||| DROPPING +0 leather armour.
  2281 | D:3      | 2281 ||| READING scroll labelled BIHELI APEOJ.
  2281 | D:3      | 2281 ||| BRANDING +0 shortbow.
  2292 | D:4      | 2292 ||| PLANNING OSSUARY
  2294 | D:4      | Found the dreamshard necklace {Acrobat *Dream}
  2344 | D:4      | Reached skill level 8 in Ranged Weapons
  2344 | D:4      | Reached XP level 5. HP: 29/29 MP: 7/7
  2487 | D:4      | Found a staircase to the Ecumenical Temple.
  2522 | D:4      | Noticed Eustachio
  2530 | D:4      | 2530 ||| RETREEEEATING.
  2531 | D:4      | 2531 ||| RETREEEEATING.
  2532 | D:4      | 2532 ||| RETREEEEATING.
  2533 | D:4      | 2533 ||| RETREEEEATING.
  2534 | D:4      | 2534 ||| RETREEEEATING.
  2535 | D:4      | 2535 ||| RETREEEEATING.
  2536 | D:4      | 2536 ||| RETREEEEATING.
  2557 | D:4      | Killed Eustachio
  2558 | D:4      | Reached skill level 9 in Ranged Weapons
  2558 | D:4      | Reached XP level 6. HP: 25/34 MP: 8/8
  2642 | D:4      | Found a blossoming altar of Fedhas.
  2740 | D:4      | Found a sand-covered staircase.
  2741 | D:4      | 2741 ||| UPGRADING to dreamshard necklace {Acrobat *Dream}.
  2749 | Ossuary  | Entered an ossuary
  2823 | Ossuary  | Reached skill level 1 in Armour
  2912 | Ossuary  | 2912 ||| RETREEEEATING.
  2913 | Ossuary  | 2913 ||| RETREEEEATING.
  2916 | Ossuary  | 2916 ||| RETREEEEATING.
  2917 | Ossuary  | 2917 ||| RETREEEEATING.
  2918 | Ossuary  | 2918 ||| RETREEEEATING.
  2923 | Ossuary  | Reached skill level 10 in Ranged Weapons
  2923 | Ossuary  | Reached XP level 7. HP: 32/40 MP: 9/9
  2948 | Ossuary  | HP: 9/40 [water moccasin zombie (5)]
  2958 | Ossuary  | HP: 10/40 [gnoll zombie (1)]
  3258 | Ossuary  | 3258 ||| READING scroll of identify.
  3258 | Ossuary  | 3258 ||| IDENTIFYING green potion
  3259 | Ossuary  | 3259 ||| READING scroll labelled KUAMAD ZINO.
  3259 | Ossuary  | 3259 ||| ENCHANTING +0 pair of gloves.
  3260 | Ossuary  | 3260 ||| READING scroll labelled ARHUWK WIEFYG.
  3261 | Ossuary  | 3261 ||| DRINKING 2 fizzy purple potions.
  3365 | Ossuary  | 3365 ||| DRINKING 2 puce potions.
  3366 | Ossuary  | 3366 ||| DRINKING 2 fuming blue potions.
  3366 | Ossuary  | Gained mutation: Your flesh is heat resistant. (rF+)
                  | [potion of mutation]
  3366 | Ossuary  | Gained mutation: Your magical capacity is low. (-10% MP)
                  | [potion of mutation]
  3366 | Ossuary  | Gained mutation: You are partially covered in iridescent
                  | scales. (AC +2) [potion of mutation]
  3367 | Ossuary  | 3367 ||| DROPPING potion of berserk rage.
  3368 | Ossuary  | 3368 ||| DROPPING potion of degeneration.
  3376 | D:4      | 3376 ||| PLANNING TEMPLE
  3417 | Temple   | Entered the Ecumenical Temple
  3418 | Temple   | 3418 ||| PLANNING D:1-11
  4021 | D:5      | Entered Level 5 of the Dungeon
  4054 | D:5      | Reached skill level 11 in Ranged Weapons
  4141 | D:5      | 4141 ||| FLEEEEING.
  4142 | D:5      | 4142 ||| FLEEEEING.
  4143 | D:5      | 4143 ||| FLEEEEING.
  4144 | D:5      | 4144 ||| FLEEEEING.
  4145 | D:5      | 4145 ||| FLEEEEING.
  4146 | D:5      | 4146 ||| FLEEEEING.
  4147 | D:5      | 4147 ||| FLEEEEING.
  4150 | D:5      | 4150 ||| FLEEEEING.
  4151 | D:5      | 4151 ||| FLEEEEING.
  4152 | D:5      | 4152 ||| FLEEEEING.
  4153 | D:5      | 4153 ||| FLEEEEING.
  4154 | D:5      | 4154 ||| FLEEEEING.
  4155 | D:5      | 4155 ||| FLEEEEING.
  4156 | D:5      | 4156 ||| FLEEEEING.
  4157 | D:5      | 4157 ||| FLEEEEING.
  4158 | D:5      | 4158 ||| FLEEEEING.
  4159 | D:5      | 4159 ||| FLEEEEING.
  4160 | D:5      | 4160 ||| FLEEEEING.
  4161 | D:5      | 4161 ||| FLEEEEING.
  4162 | D:5      | 4162 ||| FLEEEEING.
  4163 | D:5      | 4163 ||| FLEEEEING.
  4164 | D:5      | 4164 ||| FLEEEEING.
  4352 | D:5      | Found a burning altar of Makhleb.
  4498 | D:5      | Reached XP level 8. HP: 45/45 MP: 9/9
  4508 | D:5      | Found a hide-covered altar of Uskayaw.
  4622 | D:5      | Found a shadowy altar of Dithmenos.
  4627 | D:5      | Found a basalt altar of Yredelemnul.
  4638 | D:5      | Found a shimmering altar of Xom.
  4645 | D:5      | Found a white marble altar of Elyvilon.
  4650 | D:5      | Found an ornate altar of the Wu Jian Council.
  4657 | D:5      | Found a glowing silver altar of Zin.
  4727 | D:5      | Found a shimmering blue altar of Sif Muna.
  4968 | D:5      | 4968 ||| UPGRADING to +0 helmet.
  4973 | D:5      | 4973 ||| UPGRADING to scarf of resistance.
  4983 | D:5      | 4983 ||| READING scroll labelled MIYSTE QASH.
  5084 | D:5      | 5084 ||| DRINKING 2 viscous amethyst potions.
  5135 | D:6      | Reached skill level 12 in Ranged Weapons
  5177 | D:6      | Reached skill level 3 in Fighting
  5361 | D:6      | 5361 ||| RETREEEEATING.
  5361 | D:6      | Found a sparkling altar of Nemelex Xobeh.
  5362 | D:6      | 5362 ||| RETREEEEATING.
  5375 | D:6      | Reached skill level 13 in Ranged Weapons
  5410 | D:6      | 5410 ||| RETREEEEATING.
  5422 | D:6      | Reached skill level 14 in Ranged Weapons
  5423 | D:6      | HP: 7/45 [orc/+3 heavy mace (6)]
  5424 | D:6      | 5424 ||| READING 4 scrolls of teleportation.
  5425 | D:6      | 5425 ||| DRINKING potion of heal wounds.
  5429 | D:6      | 5429 ||| RETREEEEATING.
  5432 | D:6      | 5432 ||| RETREEEEATING.
  5433 | D:6      | 5433 ||| RETREEEEATING.
  5434 | D:6      | 5434 ||| RETREEEEATING.
  5435 | D:6      | 5435 ||| RETREEEEATING.
  5436 | D:6      | 5436 ||| DRINKING potion of haste.
  5438 | D:6      | Reached XP level 9. HP: 42/50 MP: 10/10
  5438 | D:6      | Noticed Jeremiah
  5450 | D:6      | Reached skill level 6 in Dodging
  5454 | D:6      | 5454 ||| RETREEEEATING.
  5455 | D:6      | 5455 ||| RETREEEEATING.
  5479 | D:6      | HP: 12/50 [orc warrior/+0 hand axe (3)]
  5480 | D:6      | 5480 ||| READING 3 scrolls of teleportation.
  5480 | D:6      | HP: 5/48 [orc warrior/+0 hand axe (2)]
  5482 | D:6      | Saved by the dreamshard amulet
  5484 | D:6      | Slain by an orc warrior

Levels and vault maps discovered:
D:1:      sevenhm_arrival_forest_fort_small_4, layout_basic
D:2:      layout_rooms, serial_shops, shop,
          chequers_ecumenical_altar_simple_redux
D:3:      layout_basic, kennysheep_slug_shrine, ebering_ghost_reflecting_pool
D:4:      layout_cave_pods, fedhas_altar_3, minmay_temple_entry_grid,
          enter_ossuary_5, minmay_misc_feat_plants, grunt_ministairs_11,
          uniq_eustachio
D:5:      cheibrodos_quashed, layout_basic, hellmonk_sif_muna_bookshelves,
          makhleb_grotto_becter, grunt_temple_overflow_octagram
D:6:      lemuel_castle_with_subvaults [lemuel_castle_interior_carwin_1],
          layout_loops_ring, mainiacjoe_overflow_24_doors, uniq_jeremiah
Temple:   hellmonk_temple_flake

Skill      XL: |  1  2  3  4  5  6  7  8  9 |
---------------+----------------------------+-----
Ranged Weapons | 6 7 8 9 10 11 14 | 14.0
Dodging        | 3 4 5 6 |  6.2
Fighting       | 2 3 4 |  4.1
Armour         | 1 |  1.4
Stealth        | |  1.2

Action                     |  1- 3 |  4- 6 |  7- 9 || total
---------------------------+-------+-------+-------++-------
   Fire: Shortbow          |   125 |   151 |   284 ||   560
    Use: Scroll            |     5 |     1 |     6 ||    12
         Potion            |       |       |     6 ||     6
 Armour: Leather armour    |    16 |       |       ||    16
         Ring mail         |       |    72 |   111 ||   183
  Dodge: Dodged            |    19 |    63 |   142 ||   224

Table legend:
 A = Non-vault XP
 B = Vault XP
 C = Vault XP percentage of total XP
 D = Non-vault monster count
 E = Vault monster count
 F = Vault count percentage of total count
                 A         B        C        D         E       F
            +---------+---------+-------+---------+---------+-------
      Total |    1903 |    1484 |  43.8 |     116 |      41 |  26.1
            +---------+---------+-------+---------+---------+-------
        D:1 |      59 |       0 |   0.0 |      32 |       0 |   0.0
        D:2 |      19 |       0 |   0.0 |      12 |       0 |   0.0
        D:3 |      49 |       4 |   7.5 |      19 |       1 |   5.0
        D:4 |     161 |     197 |  55.0 |      16 |       3 |  15.8
        D:5 |     302 |      48 |  13.7 |      17 |       1 |   5.6
        D:6 |    1313 |     600 |  31.4 |      20 |       9 |  31.0
    Ossuary |       0 |     635 | 100.0 |       0 |      27 | 100.0
            +---------+---------+-------+---------+---------+-------
